cohdb
Replays
Latest Replays
All Replays
Popular Replays
Top Player Replays
Match Explorer
How It Works
Community
CoH3 Stats
Reddit
Sign in to upload your games and track your stats! →
Sign in with Steam
Match 39161390
Unlisted
Match 39161390
Overview
Messages
Build Orders
End
Construct Barracks
Scout Squad
Riflemen Squad
Selects Advanced Infantry Battlegroup
Riflemen Squad
Grenade Package
Riflemen Squad
Construct Medical Station
Infantry Support Center
Riflemen Squad
Construct Motor Pool
M8 Greyhound Armored Car
PayPerPaper
jooooooohn
0
0
Comments
sign in to comment!
No comments posted yet!